AoeStats
← TocToc.Wolf_silver

QS Arena

503691706Analyzed
2v2 RM · 1mo ago on Sep 1, 2026· 55m 39s· 4 players
Game mode
Random Map
Map size
Medium (4 player)
Population
200
Speed
Normal
Resources
Standard
Victory
Conquest
Starting age
Dark Age
Ending age
Imperial Age
RankedLock teamsTeams togetherTeam positionsShared explorationLock speedFull tech treeHidden civsTurbo modeCheats
Victory
Defeat
🇫🇷 Slavs · France
1545
+14
🇫🇷 Saracens · France
1331
+23
🇩🇪 Goths · Germany
1494
-19
🇺🇸 Byzantines · United States
1493
-19
TocToc.Wolf_silver
9:30 Feudal Age
10:27 Double-Bit Axe
13:26 Castle Age
11:21 Horse Collar
13:55 Wheelbarrow
13:17 Gold Mining
15:51 Loom
21:51 Imperial Age
21:13 Sanctity
23:36 Block Printing
24:27 Theocracy
24:18 Illumination
24:41 Hand Cart
29:42 Redemption
37:33 Fletching
38:21 Bodkin Arrow
39:42 Bow Saw
39:33 Heavy Plow
40:45 Scale Mail Armor
42:06 Two-Man Saw
40:29 Man-at-Arms
41:58 Chain Mail Armor
41:47 Squires
41:14 Long Swordsman
42:50 Forging
43:12 Plate Mail Armor
42:43 Stone Mining
43:29 Gold Shaft Mining
42:29 Two-Handed Swordsman
44:01 Crop Rotation
44:23 Iron Casting
43:54 Champion
46:02 Druzhina
48:04 Blast Furnace
48:19 Detinets
48:55 Conscription
49:55 Hoardings
49:53 Caravan
49:27 Pikeman
51:40 Sappers
55:16 Town Watch
La Baltringue Rouge
9:17 Feudal Age
12:47 Castle Age
10:46 Double-Bit Axe
10:54 Horse Collar
13:48 Bow Saw
14:36 Heavy Plow
14:48 Loom
21:02 Wheelbarrow
22:36 Hand Cart
26:42 Imperial Age
24:10 Town Watch
24:33 Scale Barding Armor
24:39 Stone Mining
24:40 Gold Mining
25:37 Chain Barding Armor
26:54 Coinage
27:29 Gold Shaft Mining
28:01 Plate Barding Armor
28:30 Two-Man Saw
27:37 Husbandry
27:48 Bloodlines
27:50 Capped Ram
28:26 Elite Mameluke
29:29 Forging
28:45 Siege Ram
30:04 Conscription
30:49 Counterweights
33:21 Iron Casting
35:39 Blast Furnace
34:40 Padded Archer Armor
34:41 Crossbowman
35:13 Fletching
35:31 Arbalester
36:44 Thumb Ring
37:24 Bodkin Arrow
38:32 Chemistry
39:16 Bracer
39:17 Padded Archer Armor
41:21 Leather Archer Armor
43:32 Ring Archer Armor
43:36 Scale Mail Armor
45:06 Light Cavalry
47:06 Caravan
50:21 Hussar
52:39 Chain Mail Armor
52:29 Elite Skirmisher
56:00 Ballistics
V-Dub | Darius
9:22 Feudal Age
13:03 Castle Age
10:56 Double-Bit Axe
11:17 Horse Collar
20:10 Stone Mining
21:12 Wheelbarrow
26:12 Imperial Age
23:37 Pikeman
24:18 Squires
24:24 Scale Mail Armor
24:34 Forging
26:03 Chain Mail Armor
25:42 Fletching
26:31 Iron Casting
25:57 Padded Archer Armor
26:15 Gambesons
27:58 Plate Mail Armor
27:31 Bodkin Arrow
27:00 Elite Skirmisher
28:53 Bracer
28:54 Padded Archer Armor
29:23 Conscription
29:25 Halberdier
31:01 Leather Archer Armor
30:18 Crossbowman
32:19 Arbalester
34:53 Bow Saw
35:49 Thumb Ring
38:29 Hoardings
38:19 Guard Tower
39:34 Chemistry
38:55 Ballistics
45:07 Bombard Tower
52:03 Heavy Plow
V-Dub | Andi
8:35 Feudal Age
9:34 Double-Bit Axe
12:24 Castle Age
11:09 Double-Bit Axe
11:04 Horse Collar
13:40 Bow Saw
13:32 Heavy Plow
20:01 Wheelbarrow
19:52 Loom
21:15 Fletching
25:20 Imperial Age
23:10 Gold Mining
23:56 Scale Mail Armor
24:16 Forging
27:08 Chemistry
26:11 Squires
25:32 Man-at-Arms
26:28 Chain Mail Armor
26:49 Iron Casting
26:53 Hand Cart
27:42 Two-Man Saw
27:13 Crop Rotation
26:35 Stone Mining
27:38 Long Swordsman
28:26 Two-Handed Swordsman
41:26 Champion
43:10 Blast Furnace
43:58 Conscription
43:02 Elite Huskarl
46:32 Bodkin Arrow
46:38 Padded Archer Armor
47:19 Conscription
47:24 Guilds
46:55 Pikeman
47:15 Elite Skirmisher
49:33 Bracer
49:49 Leather Archer Armor
Connection lost

Rejoining the realm…

Still unreachable

The connection could not be restored.

Session expired

The server has moved on; the page needs a fresh start.